 Dungeon Crawl Stone Soup version 0.27.0-1-g7a089689b8 (webtiles) character file.

Game seed: 12011210443831220165

38 Smaepdii the Sneak (level 3, -18/28 HPs)
             Began as a Demonspawn Brigand on Aug 12, 2021.
             Demolished by an ogre (25 damage)
             ... on level 2 of the Dungeon.
             The game lasted 00:07:34 (1948 turns).

Smaepdii the Sneak (Demonspawn Brigand)             Turns: 1948, Time: 00:07:34

Health: -18/28     AC:  6    Str: 11    XL:     3   Next: 25%
Magic:  3/3        EV: 10    Int: 12    God:
Gold:   79         SH:  0    Dex: 15    Spells: 2/2 levels left

rFire    . . .     SeeInvis .   a - +2 dagger
rCold    . . .     Faith    .   (no shield)
rNeg     . . .     Spirit   .   b - +0 ring mail
rPois    .         Reflect  .   (no helmet)
rElec    .         Harm     .   c - +0 cloak
rCorr    .         Rampage  .   (no gloves)
Will     .....                  (no boots)
Stlth    ++........             (no amulet)
HPRegen  0.09/turn              (no ring)
MPRegen  0.08/turn              (no ring)

@: no status effects
A: talons 1, demonic guardian 1
a: no special abilities


You were on level 2 of the Dungeon.
You visited 1 branch of the dungeon, and saw 2 of its levels.

You collected 79 gold pieces.

Inventory:

Hand Weapons
 a - a +2 dagger (weapon)
Missiles
 d - 5 poisoned darts (quivered)
 e - 2 curare-tipped darts
Armour
 b - a +0 ring mail (worn)
 c - a +0 cloak (worn)
Scrolls
 g - a scroll of identify {unknown}
 h - a scroll of holy word {unknown}
 k - a scroll of enchant armour {unknown}
Potions
 f - a potion of curing {unknown}
 i - 2 potions of might {unknown}
 j - a potion of ambrosia {unknown}


   Skills:
 + Level 2.3 Fighting
 - Level 1.8 Short Blades
 * Level 1.2 Axes
 + Level 2.1 Throwing
 + Level 1.3 Dodging
 - Level 3.6 Stealth
 + Level 0.6 Air Magic


You had 2 spell levels left.
You didn't know any spells.
Your spell library contained the following spells:

 Spells                   Type           Power      Damage    Failure   Level
 Shock                    Conj/Air       0%         1d3       58%         1
 Swiftness                Air            1%         N/A       88%         3
 Airstrike                Air            0%         N/A       99%         4


Dungeon Overview and Level Annotations

Branches:
Dungeon (2/15)

Altars:

Shops:
D:1 (


Innate Abilities, Weirdness & Mutations

You have sharp toenails.
A weak demonic guardian rushes to your aid.


Message History

You hit the hobgoblin.
The hobgoblin is almost dead.
The hobgoblin hits you but does no damage.
You hit the hobgoblin.
You kill the hobgoblin!
An ogre comes into view. It is wielding a +0 giant spiked club.
Found a stone staircase leading up.
You see here a hobgoblin corpse.
You see here a poisoned dart.
d - 7 poisoned darts (gained 1)
The ogre shouts!
Throw: 7 darts (poison)
Press: ? - help, Q - select action, (/) - cycle Shift-Dir - straight line, f - ogre
Aim: an ogre, wielding a +0 giant spiked club (75% to hit)
You throw a poisoned dart. The poisoned dart hits the ogre.
The ogre is poisoned.
You see here a hobgoblin corpse.
There is an open door here.
The ogre looks more healthy.
Throw: 6 darts (poison)
Press: ? - help, Q - select action, (/) - cycle Shift-Dir - straight line, f/p - ogre
Aim: an ogre, wielding a +0 giant spiked club (lightly wounded, 75% to hit)
You throw a poisoned dart. The poisoned dart hits the ogre!
The ogre is poisoned.
The ogre is lightly wounded.
The ogre hits you with a +0 giant spiked club!!
Ouch! That really hurt!
* * * LOW HITPOINT WARNING * * *
A demonic guardian appears!
Your quasit bites the ogre.
Your quasit claws the ogre but does no damage.
Your quasit closely misses the ogre.
Your quasit completely misses the ogre.
Your quasit claws the ogre. x2
Your quasit closely misses the ogre. x3
Your quasit completely misses the ogre.
Your quasit claws the ogre but does no damage.
Your quasit claws the ogre.
The ogre hits you with a +0 giant spiked club!!
Ouch! That really hurt!
You die...

#..)...#.#.# ....
#....(.#.#<# #...
#......#.. . ...
#......#.#... ...
#......###.########.#
#......# # #...#.#
####..5...# .####.#.#..
#.....O...# ...........
#......@..########.#.#..
#....#####.........#.##.
#....# #....#.....##.##.
#....# #....#.....#..#..
###### #....#.....#.##..
+....#.....#.##.#
#....#...........
..####.......##.. ##.
#.......####


You could see an ogre (poisoned, ally target) and a friendly quasit (summoned).

Vanquished Creatures
  An adder (D:2)
  A dart slug (D:1)
  A worm (D:2)
  A bat (D:1)
  3 endoplasms
  4 goblins
  2 hobgoblins
  3 jackals (D:1)
  2 ball pythons (D:1)
  2 frilled lizards
  A kobold (D:1)
  A rat (D:1)
22 creatures vanquished.

Notes
Turn   | Place    | Note
-------+----------+-------------------------------------------
     0 | D:1      | Smaepdii the Demonspawn Brigand began the quest for the
                  | Orb.
     0 | D:1      | Reached XP level 1. HP: 16/16 MP: 1/1
    30 | D:1      | Found Uvairph's Antique Weapon Boutique.
    48 | D:1      | Reached skill level 1 in Dodging
   447 | D:1      | Gained mutation: You have sharp toenails. [demonic
                  | ancestry]
   447 | D:1      | Reached XP level 2. HP: 5/22 MP: 2/2
  1515 | D:2      | Reached skill level 1 in Axes
  1515 | D:2      | Gained mutation: A weak demonic guardian rushes to your
                  | aid. [demonic ancestry]
  1515 | D:2      | Reached XP level 3. HP: 22/28 MP: 3/3
  1927 | D:2      | Noticed an ogre
  1948 | D:2      | Demolished by an ogre

Illustrated notes

Levels and vault maps discovered:
D:1:      giann_forest_graveyard, layout_loops_corners, serial_shops,
          nicolae_shop_stone
D:2:      layout_basic, serial_rivers, chequers_serial_rivers_large_b,
          chequers_serial_rivers_marsh, chequers_serial_rivers_small_b,
          chequers_serial_rivers_marsh, chequers_serial_rivers_large_a,
          chequers_serial_rivers_micro_a

Skill      XL: |  1  2 |
---------------+-------+-----
Dodging        | 1 |  1.3
Throwing       | 2 |  2.1
Axes           | 1 |  1.2
Fighting       | |  2.3
Short Blades   | |  1.8
Stealth        | |  3.6
Air Magic      | |  0.6

Action                   || total
-------------------------++-------
Melee: Dagger            ||    58
       Kick              ||     5
Throw: Dart              ||    14
 Stab: Sleeping          ||     3
Armor: Robe              ||    12
       Ring mail         ||    11
Dodge: Dodged            ||    32
